Thunder vs River Frogs

Created - November 26, 2019 at 19:02

Goals
1 2 3 T
Thunder 0 3 2 5
River Frogs 3 1 2 6
Shots
1 2 3 T
Thunder 10 10 5 25
River Frogs 19 12 10 41

1st period

1. River Frogs , Ondrej Kase 4 (Leon Draisaitl 8, Anthony Bitetto 9) at 14:39
2. River Frogs , Matt Calvert 8 (Christian Hanson 18, Emerson Etem 5) at 17:05
3. River Frogs , Christian Hanson 7 (Emerson Etem 6, Matt Calvert 12) at 19:46

Penalties :
Derek Forbort (TRO) for Holding (Minor) at 3:25, Austin Poganski (TRO) for Holding (Minor) at 6:43

2nd period

4. Thunder , Dany Roussin 9 (William Karlsson 14) at 0:45
5. Thunder , Eric Fehr 8 (Dany Roussin 7, William Karlsson 15) at 4:13
6. River Frogs , Matt Calvert 9 (Christian Hanson 19, Emerson Etem 7) at 7:32 (PP)
7. Thunder , David Wolf 2 (Trevor Lewis 4) at 12:46 (PP)

Penalties :
Derek Forbort (TRO) for Hooking (Minor) at 7:28, Timothy Kunes (Lou) for Hooking (Minor) at 10:14, Austin Watson (Lou) for Roughing (Minor) at 12:38, Timothy Kunes (Lou) for Delaying the game (Minor) at 14:44

3rd period

8. River Frogs , Matt Calvert 10 (Timothy Kunes 5) at 0:23
9. Thunder , Zach Stepan 4 (Jamie McGinn 5) at 4:29
10. Thunder , Jamie McGinn 8 (Zach Stepan 4) at 10:44
11. River Frogs , Christian Hanson 8 (Matt Calvert 13, Emerson Etem 8) at 18:57 (PP)

Penalties :
Borna Rendulic (Lou) for Delaying the game (Minor) at 5:40, Niklas Treutle (TRO) for Slashing (Double Minor) at 12:25 - Austin Poganski served the penalty, Dany Roussin (TRO) for Hooking (Minor) at 18:43

Goalie Stats

Niklas Treutle (TRO), 35 saves from 41 shots - (0.854), L, 2-9-0, 59:01 minutes
Phoenix Copley (Lou), 20 saves from 25 shots - (0.800), W, 6-2-1, 60:00 minutes

Players Stats for Thunder

Player Name              G  A  P  +/- PIM S  H  SB GA TA FO     MP     PP MP  PK MP  
------------------------------------------------------------------------------------
Artur Gavrus             0  0  0   0  0   0  0  0  0  0  0/0     0:00   0:00   0:00 
Austin Poganski          0  0  0   1  2   1  0  1  1  0  0/0    12:16   0:00   0:00 
Austin Wuthrich          0  0  0  -2  0   1  3  0  0  0  0/0    14:46   2:57   0:00 
Colby Cave               0  0  0   0  0   0  0  0  0  0  0/0     0:00   0:00   0:00 
Dany Roussin             1  1  2   1  2   2  1  0  1  0  2/2    21:18   3:08   3:41 
David Wolf               1  0  1  -2  0   1  2  1  0  0  0/0    17:35   2:57   3:01 
Derek Forbort            0  0  0   0  4   2  1  1  0  1  0/0    17:19   1:46   2:31 
Emil Johansson           0  0  0   0  0   0  0  0  0  0  0/0     6:40   0:35   0:53 
Eric Fehr                1  0  1   1  0   5  3  2  1  2  3/7    24:30   2:41   3:54 
Gianluca Curcuruto       0  0  0   0  0   0  1  0  0  0  0/0     9:42   0:35   0:00 
Jamie McGinn             1  1  2   1  0   4  1  1  0  0  1/1    12:09   0:00   0:06 
Jarrod Maidens           0  0  0   0  0   0  0  0  0  0  0/0     1:57   0:00   1:57 
Jesper Pettersson        0  0  0   0  0   0  0  0  0  0  0/0    10:44   0:00   1:15 
Joey Ryan                0  0  0   0  0   4  1  1  0  0  0/0    26:13   3:44   4:17 
Jordan Weal              0  0  0   0  0   0  1  1  0  0  1/1     7:55   0:00   0:38 
Mackenze Stewart         0  0  0   0  0   0  0  0  0  0  0/0     4:47   0:00   0:00 
Mikko Vainonen           0  0  0   0  0   0  1  1  0  0  0/0    18:12   1:46   3:17 
Nikolay Prokhorkin       0  0  0   0  0   1  0  0  0  1  0/0     8:30   0:00   1:13 
Peter Andersson          0  0  0   0  0   0  0  0  0  0  0/0    26:26   3:44   4:17 
Trevor Lewis             0  1  1  -2  0   1  0  0  0  0  3/8    14:46   2:57   0:00 
Vincent Dunn             0  0  0   0  0   0  1  0  0  0  0/1     4:14   0:27   0:00 
William Karlsson         0  2  2   1  0   1  0  0  0  0  11/29  19:39   3:08   2:00 
Zach Stepan              1  1  2   1  0   2  1  2  0  0  1/6    12:03   0:00   0:00 

Players Stats for River Frogs

Player Name              G  A  P  +/- PIM S  H  SB GA TA FO     MP     PP MP  PK MP  
------------------------------------------------------------------------------------
Aaron Ness               0  0  0  -2  0   3  0  2  0  1  0/0    17:05   2:57   2:03 
Anthony Bitetto          0  1  1   2  0   0  3  3  0  1  0/0    26:16   4:47   3:41 
Austin Watson            0  0  0  -1  2   2  0  1  0  0  0/0    10:34   0:00   0:00 
Beau Starrett            0  0  0   0  0   0  0  0  0  0  0/0     0:00   0:00   0:00 
Borna Rendulic           0  0  0  -1  2   2  2  0  0  0  0/0    11:18   0:42   0:00 
Christian Hanson         2  2  4   2  0   4  3  0  0  0  21/36  22:38   3:58   3:17 
David Kolomatis          0  0  0   0  0   0  0  0  0  0  0/0    10:21   0:31   0:00 
Dillon Heatherington     0  0  0   0  0   0  0  0  0  0  0/0     5:32   0:00   0:00 
Emerson Etem             0  4  4   2  0   9  2  1  0  1  0/2    22:45   3:56   3:08 
Francis Perron           0  0  0   0  0   0  0  0  0  0  0/0     0:49   0:47   0:00 
Jared Knight             0  0  0  -1  0   2  1  1  0  0  3/4    10:58   0:23   0:00 
Joakim Nordstrom         0  0  0  -1  0   2  2  0  0  0  0/0     7:49   0:18   1:04 
Justin Florek            0  0  0   0  0   2  2  0  0  0  0/0    15:39   3:21   0:00 
Leon Draisaitl           0  1  1   0  0   2  0  0  0  0  4/8    18:08   3:21   1:42 
Mario Lucia              0  0  0   0  0   0  0  0  0  0  0/0     0:58   0:44   0:00 
Matt Calvert             3  2  5   2  0   4  1  1  1  0  2/2    21:29   3:59   1:42 
Maxim Mamin              0  0  0   0  0   0  0  0  0  0  0/0     1:52   0:00   1:17 
Morgan Rielly            0  0  0   0  0   2  0  0  0  0  0/0    13:32   0:31   2:21 
Ondrej Kase              1  0  1   0  0   2  0  0  2  0  2/2    15:43   3:16   0:00 
Richard Nejezchleb       0  0  0  -1  0   0  0  0  0  0  0/0     6:23   0:00   0:00 
Ryan Fitzgerald          0  0  0  -1  0   2  0  0  0  0  1/1     6:23   0:00   0:00 
Shane Sims               0  0  0  -2  0   1  1  2  1  0  0/0    17:05   2:57   2:03 
Shea Theodore            0  0  0   0  0   1  1  0  0  0  0/0     6:43   0:00   0:46 
Timothy Kunes            0  1  1   2  4   1  1  1  0  0  0/0    23:51   4:47   1:16 

3 Stars

1 - Matt Calvert (Lou)
2 - Christian Hanson (Lou)
3 - Emerson Etem (Lou)

Power Play

Thunder - 1 on 4 Attempt(s) - 25.00%
River Frogs - 2 on 5 Attempt(s) - 40.00%

Penalty Kill

Thunder - 3 on 5 Attempt(s) - 60.00% - Score 0 goal in Penalty Kill
River Frogs - 3 on 4 Attempt(s) - 75.00% - Score 0 goal in Penalty Kill

Team Stat

Thunder - Hits : 17 - Faceoff Wins : 22 - Blocked Shots : 11 - Penalty Minutes : 12
River Frogs - Hits : 19 - Faceoff Wins : 33 - Blocked Shots : 12 - Penalty Minutes : 8

Official

Referees : Unknown
Linesman : Unknown

Game Notes

Matt Calvert has scored a Hat Trick!

Finance

Level 1 -- Attendance: 1507 (75.35%) -- Ticket Income $60,280
Level 2 -- Attendance: 781 (78.10%) -- Ticket Income $15,620
Total Attendance: 2288 (76.27%)
Total Ticket Income: $75,900
Other Income: $3,795
Total Income: $79,695

Thunder

5 vs 5 Forward 
   Center                   Left Wing                Right Wing               Time % Phy DF OF 
 1 William Karlsson         Dany Roussin             Eric Fehr                40     1   2  2  
 2 Trevor Lewis             David Wolf               Austin Wuthrich          30     1   2  2  
 3 Zach Stepan              Jamie McGinn             Austin Poganski          20     1   2  2  
 4 Jordan Weal              Nikolay Prokhorkin       Eric Fehr                10     1   2  2  

5 vs 5 Defense 
   Defense                  Defense                                           Time % Phy DF OF 
 1 Joey Ryan                Peter Andersson                                   40     1   2  2  
 2 Derek Forbort            Mikko Vainonen                                    30     1   2  2  
 3 Gianluca Curcuruto       Jesper Pettersson                                 20     1   2  2  
 4 Emil Johansson           Mackenze Stewart                                  10     1   2  2  

PowerPlay Forward 
   Center                   Left Wing                Right Wing               Time % Phy DF OF 
 1 William Karlsson         Dany Roussin             Eric Fehr                60     1   2  2  
 2 Trevor Lewis             David Wolf               Austin Wuthrich          40     1   2  2  

PowerPlay Defense
   Defense                  Defense                                           Time % Phy DF OF 
 1 Joey Ryan                Peter Andersson                                   60     1   2  2  
 2 Derek Forbort            Mikko Vainonen                                    40     1   2  2  

Penalty Kill 4 Players Forward 
   Center                   Wing                     Time % Phy DF OF 
 1 Eric Fehr                Dany Roussin             60     1   2  2  
 2 William Karlsson         David Wolf               40     1   2  2  

Penalty Kill 4 Players Defense
   Defense                  Defense                  Time % Phy DF OF 
 1 Joey Ryan                Peter Andersson          60     1   2  2  
 2 Derek Forbort            Mikko Vainonen           40     1   2  2  

Penalty Kill - 3 Players Forward 
   Forward                                           Time % Phy DF OF 
 1 Eric Fehr                                         60     1   2  2  
 2 Dany Roussin                                      40     1   2  2  

Penalty Kill - 3 Players Defense
   Defense                  Defense                  Time % Phy DF OF 
 1 Joey Ryan                Peter Andersson          60     1   2  2  
 2 Derek Forbort            Mikko Vainonen           40     1   2  2  

4 vs 4 Forward 
   Center                   Wing                     Time % Phy DF OF 
 1 Eric Fehr                Dany Roussin             60     1   2  2  
 2 William Karlsson         David Wolf               40     1   2  2  

4 vs 4 Defense
   Defense                  Defense                  Time % Phy DF OF 
 1 Joey Ryan                Peter Andersson          60     1   2  2  
 2 Derek Forbort            Mikko Vainonen           40     1   2  2  

Last Minutes Offensive
   Center                   Left Wing                Right Wing               Defense                  Defense                  
   William Karlsson         Dany Roussin             Eric Fehr                Joey Ryan                Peter Andersson          

Last Minutes Defensive
   Center                   Left Wing                Right Wing               Defense                  Defense                  
   William Karlsson         Dany Roussin             Eric Fehr                Joey Ryan                Peter Andersson          

Goaltenders
Starting : Niklas Treutle           
Backup : Jussi Rynnas             

Extra Forwards
Normal : Vincent Dunn, Colby Cave, Jarrod Maidens - PP : Vincent Dunn, Colby Cave - PK : Jarrod Maidens
Extra Defensemen
Normal : Gianluca Curcuruto, Jesper Pettersson, Emil Johansson - PP : Gianluca Curcuruto - PK : Jesper Pettersson, Emil Johansson
Penalty Shots
Eric Fehr, Dany Roussin, William Karlsson, David Wolf, Trevor Lewis

Scratches
Mason McDonald (Healthy)

River Frogs

5 vs 5 Forward 
   Center                   Left Wing                Right Wing               Time % Phy DF OF 
 1 Christian Hanson         Matt Calvert             Emerson Etem             40     1   2  2  
 2 Leon Draisaitl           Justin Florek            Ondrej Kase              30     1   2  2  
 3 Jared Knight             Austin Watson            Borna Rendulic           20     1   2  2  
 4 Ryan Fitzgerald          Joakim Nordstrom         Richard Nejezchleb       10     1   2  2  

5 vs 5 Defense 
   Defense                  Defense                                           Time % Phy DF OF 
 1 Anthony Bitetto          Timothy Kunes                                     40     1   2  2  
 2 Shane Sims               Aaron Ness                                        30     1   2  2  
 3 David Kolomatis          Morgan Rielly                                     20     1   2  2  
 4 Shea Theodore            Dillon Heatherington                              10     1   2  2  

PowerPlay Forward 
   Center                   Left Wing                Right Wing               Time % Phy DF OF 
 1 Christian Hanson         Matt Calvert             Emerson Etem             60     1   2  2  
 2 Leon Draisaitl           Justin Florek            Ondrej Kase              40     1   2  2  

PowerPlay Defense
   Defense                  Defense                                           Time % Phy DF OF 
 1 Anthony Bitetto          Timothy Kunes                                     60     1   2  2  
 2 Shane Sims               Aaron Ness                                        40     1   2  2  

Penalty Kill 4 Players Forward 
   Center                   Wing                     Time % Phy DF OF 
 1 Christian Hanson         Emerson Etem             60     1   2  2  
 2 Leon Draisaitl           Matt Calvert             40     1   2  2  

Penalty Kill 4 Players Defense
   Defense                  Defense                  Time % Phy DF OF 
 1 Anthony Bitetto          Timothy Kunes            60     1   2  2  
 2 Shane Sims               Aaron Ness               40     1   2  2  

Penalty Kill - 3 Players Forward 
   Forward                                           Time % Phy DF OF 
 1 Christian Hanson                                  60     1   2  2  
 2 Emerson Etem                                      40     1   2  2  

Penalty Kill - 3 Players Defense
   Defense                  Defense                  Time % Phy DF OF 
 1 Anthony Bitetto          Timothy Kunes            60     1   2  2  
 2 Shane Sims               Aaron Ness               40     1   2  2  

4 vs 4 Forward 
   Center                   Wing                     Time % Phy DF OF 
 1 Christian Hanson         Emerson Etem             60     1   2  2  
 2 Leon Draisaitl           Matt Calvert             40     1   2  2  

4 vs 4 Defense
   Defense                  Defense                  Time % Phy DF OF 
 1 Anthony Bitetto          Timothy Kunes            60     1   2  2  
 2 Shane Sims               Aaron Ness               40     1   2  2  

Last Minutes Offensive
   Center                   Left Wing                Right Wing               Defense                  Defense                  
   Christian Hanson         Matt Calvert             Emerson Etem             Anthony Bitetto          Timothy Kunes            

Last Minutes Defensive
   Center                   Left Wing                Right Wing               Defense                  Defense                  
   Christian Hanson         Matt Calvert             Emerson Etem             Anthony Bitetto          Timothy Kunes            

Goaltenders
Starting : Phoenix Copley           
Backup : Thomas Greiss            

Extra Forwards
Normal : Mario Lucia, Francis Perron, Maxim Mamin - PP : Mario Lucia, Francis Perron - PK : Maxim Mamin
Extra Defensemen
Normal : David Kolomatis, Morgan Rielly, Shea Theodore - PP : David Kolomatis - PK : Morgan Rielly, Shea Theodore
Penalty Shots
Christian Hanson, Emerson Etem, Leon Draisaitl, Matt Calvert, Justin Florek

Scratches
Andrew Gordon (Healthy)

% Time on Ice - Thunder

Lines # - Real PCT - Wanted PCT - Time Play
Normal Forward
1 - 30% - 40% - 13:36
2 - 27% - 30% - 11:55
3 - 27% - 20% - 12:03
4 - 16% - 10% - 7:04
Normal Defense
1 - 39% - 40% - 17:35
2 - 29% - 30% - 13:09
3 - 20% - 20% - 9:07
4 - 11% - 10% - 4:47
PP Forward
1 - 52% - 60% - 3:08
2 - 48% - 40% - 2:57
PP Defense
1 - 71% - 60% - 4:19
2 - 29% - 40% - 1:46
PK Forward
1 - 76% - 60% - 6:15
2 - 24% - 40% - 2:00
PK Defense
1 - 60% - 60% - 4:58
2 - 40% - 40% - 3:17
PK3 Forward
1 - 0% - 60%
2 - 0% - 40%
PK3 Defense
1 - 0% - 60%
2 - 0% - 40%
44 Forward
1 - 0% - 60%
2 - 0% - 40%
44 Defense
1 - 0% - 60%
2 - 0% - 40%
Last Minute Offensive  - 1:02
Last Minute Defensive  - 0:00
Total
Forward - 60:00
Defense - 60:00

% Time on Ice - River Frogs

Lines # - Real PCT - Wanted PCT - Time Play
Normal Forward
1 - 32% - 40% - 14:25
2 - 30% - 30% - 13:15
3 - 24% - 20% - 10:35
4 - 14% - 10% - 6:23
Normal Defense
1 - 38% - 40% - 17:11
2 - 28% - 30% - 12:17
3 - 22% - 20% - 9:38
4 - 12% - 10% - 5:32
PP Forward
1 - 55% - 60% - 4:31
2 - 45% - 40% - 3:44
PP Defense
1 - 58% - 60% - 4:47
2 - 42% - 40% - 3:28
PK Forward
1 - 72% - 60% - 4:23
2 - 28% - 40% - 1:42
PK Defense
1 - 66% - 60% - 4:02
2 - 34% - 40% - 2:03
PK3 Forward
1 - 0% - 60%
2 - 0% - 40%
PK3 Defense
1 - 0% - 60%
2 - 0% - 40%
44 Forward
1 - 0% - 60%
2 - 0% - 40%
44 Defense
1 - 0% - 60%
2 - 0% - 40%
Last Minute Offensive  - 0:00
Last Minute Defensive  - 1:02
Total
Forward - 60:00
Defense - 60:00

Play-by-Play

1st period


0:01 of 1st period - William Karlsson wins face-off versus Christian Hanson in neutral zone.
0:32 of 1st period - Slapshot by Joey Ryan.
0:32 of 1st period - Stopped by Phoenix Copley with a rebound.
0:34 of 1st period - Slapshot by Joey Ryan.
0:34 of 1st period - Deflect By Trevor Lewis.
0:34 of 1st period - Stopped by Phoenix Copley without a rebound.
0:35 of 1st period - Jared Knight wins face-off versus Zach Stepan in River Frogs zone.
1:25 of 1st period - Wrist shot by Matt Calvert.
1:25 of 1st period - Shot Misses the Net.
1:27 of 1st period - Wrist shot by Matt Calvert.
1:27 of 1st period - Shot Misses the Net.
1:29 of 1st period - Snap shot by Shea Theodore.
1:29 of 1st period - Stopped by Niklas Treutle with a rebound.
1:31 of 1st period - Snap shot by Emerson Etem.
1:31 of 1st period - Stopped by Niklas Treutle with a rebound.
1:33 of 1st period - Snap shot by Emerson Etem.
1:33 of 1st period - Shot Misses the Net.
1:49 of 1st period - Snap shot by Dany Roussin.
1:49 of 1st period - Stopped by Phoenix Copley with a rebound.
2:09 of 1st period - Wrist shot by Austin Watson.
2:09 of 1st period - Deflect By Borna Rendulic.
2:09 of 1st period - Shot Blocked by Zach Stepan.
2:09 of 1st period - Puck is out of play.
2:10 of 1st period - Christian Hanson wins face-off versus Trevor Lewis in Thunder zone.
2:17 of 1st period - Slapshot by Emerson Etem.
2:17 of 1st period - Stopped by Niklas Treutle with a rebound.
2:19 of 1st period - Wrist shot by Anthony Bitetto.
2:19 of 1st period - Shot Misses the Net.
2:21 of 1st period - Snap shot by Christian Hanson.
2:21 of 1st period - Stopped by Niklas Treutle without a rebound.
2:22 of 1st period - Dany Roussin wins face-off versus Leon Draisaitl in Thunder zone.
2:55 of 1st period - Snap shot by Emerson Etem.
2:55 of 1st period - Stopped by Niklas Treutle without a rebound.
2:56 of 1st period - Christian Hanson wins face-off versus William Karlsson in Thunder zone.
2:59 of 1st period - Snap shot by Matt Calvert.
2:59 of 1st period - Shot Misses the Net.
3:01 of 1st period - Slapshot by Aaron Ness.
3:01 of 1st period - Shot Blocked by Mikko Vainonen.
3:03 of 1st period - Slapshot by Aaron Ness.
3:03 of 1st period - Stopped by Niklas Treutle without a rebound.
3:04 of 1st period - Christian Hanson wins face-off versus William Karlsson in Thunder zone.
3:19 of 1st period - Snap shot by Emerson Etem.
3:19 of 1st period - Stopped by Niklas Treutle with a rebound.
3:25 of 1st period - Minor Penalty to Derek Forbort for Holding.
3:26 of 1st period - Eric Fehr wins face-off versus Christian Hanson in Thunder zone.
4:37 of 1st period - Justin Florek is hit by David Wolf and loses puck.
5:01 of 1st period - Christian Hanson is hit by Dany Roussin and loses puck.
5:25 of 1st period - Penalty to Derek Forbort is over, Derek Forbort is back on ice.
6:19 of 1st period - Wrist shot by Eric Fehr.
6:19 of 1st period - Shot Misses the Net.
6:43 of 1st period - Minor Penalty to Austin Poganski for Holding.
6:44 of 1st period - Eric Fehr wins face-off versus Christian Hanson in Thunder zone.
6:59 of 1st period - Wrist shot by Dany Roussin.
6:59 of 1st period - Shot Misses the Net.
7:23 of 1st period - Snap shot by David Wolf.
7:23 of 1st period - Shot Blocked by Anthony Bitetto.
8:34 of 1st period - Icing by Matt Calvert.
8:35 of 1st period - Christian Hanson wins face-off versus Eric Fehr in River Frogs zone.
8:43 of 1st period - Penalty to Austin Poganski is over, Austin Poganski is back on ice.
8:50 of 1st period - Gianluca Curcuruto is hit by Justin Florek and loses puck.
9:29 of 1st period - Wrist shot by Jamie McGinn.
9:29 of 1st period - Shot Misses the Net.
10:29 of 1st period - Wrist shot by Ryan Fitzgerald.
10:29 of 1st period - Deflect By Joakim Nordstrom.
10:29 of 1st period - Stopped by Niklas Treutle with a rebound.
10:49 of 1st period - Austin Wuthrich is hit by Jared Knight and loses puck.
11:17 of 1st period - Leon Draisaitl is hit by Jamie McGinn and loses puck.
11:34 of 1st period - Slapshot by Matt Calvert.
11:34 of 1st period - Shot Misses the Net.
11:52 of 1st period - Slapshot by Shane Sims.
11:52 of 1st period - Shot Blocked by Eric Fehr.
13:14 of 1st period - Wrist shot by David Wolf.
13:14 of 1st period - Shot Blocked by Austin Watson.
14:11 of 1st period - Snap shot by Christian Hanson.
14:11 of 1st period - Stopped by Niklas Treutle with a rebound.
14:13 of 1st period - Snap shot by Morgan Rielly.
14:13 of 1st period - Shot Misses the Net.
14:15 of 1st period - Snap shot by Emerson Etem.
14:15 of 1st period - Stopped by Niklas Treutle with a rebound.
14:33 of 1st period - Slapshot by Anthony Bitetto.
14:33 of 1st period - Shot Misses the Net.
14:39 of 1st period - Wrist shot by Ondrej Kase.
14:39 of 1st period - Goal by Ondrej Kase - Thunder : 0 - River Frogs : 1.
14:40 of 1st period - Christian Hanson wins face-off versus William Karlsson in neutral zone.
14:43 of 1st period - Backhand shot by Christian Hanson.
14:43 of 1st period - Shot Misses the Net.
14:45 of 1st period - Wrist shot by Emerson Etem.
14:45 of 1st period - Stopped by Niklas Treutle with a rebound.
15:08 of 1st period - Wrist shot by William Karlsson.
15:08 of 1st period - Shot Misses the Net.
15:10 of 1st period - Snap shot by David Wolf.
15:10 of 1st period - Shot Blocked by Timothy Kunes.
15:12 of 1st period - Snap shot by David Wolf.
15:12 of 1st period - Shot Misses the Net.
15:14 of 1st period - Snap shot by Joey Ryan.
15:14 of 1st period - Stopped by Phoenix Copley with a rebound.
15:16 of 1st period - Snap shot by Austin Wuthrich.
15:16 of 1st period - Stopped by Phoenix Copley with a rebound.
15:27 of 1st period - Off-side.
15:28 of 1st period - Christian Hanson wins face-off versus Zach Stepan in neutral zone.
15:41 of 1st period - Snap shot by Emerson Etem.
15:41 of 1st period - Stopped by Niklas Treutle with a rebound.
15:55 of 1st period - Aaron Ness is hit by David Wolf and loses puck.
17:05 of 1st period - Snap shot by Matt Calvert.
17:05 of 1st period - Goal by Matt Calvert - Thunder : 0 - River Frogs : 2.
17:06 of 1st period - Christian Hanson wins face-off versus William Karlsson in neutral zone.
17:21 of 1st period - Emerson Etem is hit by Eric Fehr and loses puck.
17:34 of 1st period - Icing by Timothy Kunes.
17:35 of 1st period - Zach Stepan wins face-off versus Christian Hanson in River Frogs zone.
17:46 of 1st period - Snap shot by Christian Hanson.
17:46 of 1st period - Shot Blocked by Jamie McGinn.
17:56 of 1st period - Jamie McGinn is hit by Christian Hanson and loses puck.
18:17 of 1st period - Wrist shot by Austin Poganski.
18:17 of 1st period - Stopped by Phoenix Copley with a rebound.
18:19 of 1st period - Wrist shot by Jamie McGinn.
18:19 of 1st period - Shot Blocked by Shane Sims.
18:21 of 1st period - Wrist shot by Gianluca Curcuruto.
18:21 of 1st period - Shot Blocked by Aaron Ness.
18:23 of 1st period - Wrist shot by Zach Stepan.
18:23 of 1st period - Shot Misses the Net.
18:25 of 1st period - Snap shot by Austin Poganski.
18:25 of 1st period - Shot Misses the Net.
18:27 of 1st period - Wrist shot by Jamie McGinn.
18:27 of 1st period - Stopped by Phoenix Copley without a rebound.
18:28 of 1st period - Ondrej Kase wins face-off versus William Karlsson in River Frogs zone.
18:28 of 1st period - Ondrej Kase is hit by Eric Fehr.
18:36 of 1st period - Snap shot by Eric Fehr.
18:36 of 1st period - Stopped by Phoenix Copley with a rebound.
18:38 of 1st period - Slapshot by Joey Ryan.
18:38 of 1st period - Stopped by Phoenix Copley without a rebound.
18:39 of 1st period - William Karlsson wins face-off versus Leon Draisaitl in River Frogs zone.
19:13 of 1st period - Snap shot by Eric Fehr.
19:13 of 1st period - Stopped by Phoenix Copley without a rebound.
19:14 of 1st period - Jared Knight wins face-off versus Trevor Lewis in River Frogs zone.
19:19 of 1st period - Snap shot by Shane Sims.
19:19 of 1st period - Shot Blocked by David Wolf.
19:21 of 1st period - Slapshot by Shane Sims.
19:21 of 1st period - Stopped by Niklas Treutle with a rebound.
19:23 of 1st period - Snap shot by Jared Knight.
19:23 of 1st period - Deflect By Borna Rendulic.
19:23 of 1st period - Stopped by Niklas Treutle with a rebound.
19:27 of 1st period - Wrist shot by Austin Watson.
19:27 of 1st period - Stopped by Niklas Treutle with a rebound.
19:29 of 1st period - Backhand shot by Jared Knight.
19:29 of 1st period - Shot Misses the Net.
19:39 of 1st period - David Wolf is hit by Christian Hanson and loses puck.
19:44 of 1st period - Snap shot by Emerson Etem.
19:44 of 1st period - Stopped by Niklas Treutle with a rebound.
19:46 of 1st period - Slapshot by Christian Hanson.
19:46 of 1st period - Goal by Christian Hanson - Thunder : 0 - River Frogs : 3.
19:47 of 1st period - Christian Hanson wins face-off versus William Karlsson in neutral zone.
19:52 of 1st period - Snap shot by Emerson Etem.
19:52 of 1st period - Shot Blocked by Joey Ryan.
Goals for this period are 0 for Thunder vs 3 for River Frogs.
Shots for this period are 10 for Thunder vs 19 for River Frogs.

2nd period


0:01 of 2nd period - Christian Hanson wins face-off versus William Karlsson in neutral zone.
0:45 of 2nd period - Wrist shot by Dany Roussin.
0:45 of 2nd period - Goal by Dany Roussin - Thunder : 1 - River Frogs : 3.
0:46 of 2nd period - Trevor Lewis wins face-off versus Leon Draisaitl in neutral zone.
1:01 of 2nd period - Slapshot by Leon Draisaitl.
1:01 of 2nd period - Stopped by Niklas Treutle without a rebound.
1:02 of 2nd period - Christian Hanson wins face-off versus William Karlsson in Thunder zone.
1:27 of 2nd period - Peter Andersson is hit by Justin Florek and loses puck.
1:43 of 2nd period - Icing by Leon Draisaitl.
1:44 of 2nd period - Jared Knight wins face-off versus Zach Stepan in River Frogs zone.
1:57 of 2nd period - Snap shot by Jamie McGinn.
1:57 of 2nd period - Deflect By Zach Stepan.
1:57 of 2nd period - Shot Misses the Net.
1:57 of 2nd period - Puck is out of play.
1:58 of 2nd period - Christian Hanson wins face-off versus William Karlsson in River Frogs zone.
2:24 of 2nd period - Joey Ryan is hit by Anthony Bitetto and loses puck.
2:49 of 2nd period - Slapshot by Aaron Ness.
2:49 of 2nd period - Stopped by Niklas Treutle with a rebound.
2:51 of 2nd period - Wrist shot by Jared Knight.
2:51 of 2nd period - Deflect By Austin Watson.
2:51 of 2nd period - Shot Blocked by Zach Stepan.
2:51 of 2nd period - Puck is out of play.
2:52 of 2nd period - Christian Hanson wins face-off versus William Karlsson in Thunder zone.
4:03 of 2nd period - Snap shot by Morgan Rielly.
4:03 of 2nd period - Stopped by Niklas Treutle without a rebound.
4:04 of 2nd period - William Karlsson wins face-off versus Christian Hanson in Thunder zone.
4:13 of 2nd period - Wrist shot by Eric Fehr.
4:13 of 2nd period - Goal by Eric Fehr - Thunder : 2 - River Frogs : 3.
4:14 of 2nd period - William Karlsson wins face-off versus Christian Hanson in neutral zone.
5:09 of 2nd period - Wrist shot by Jared Knight.
5:09 of 2nd period - Stopped by Niklas Treutle with a rebound.
5:19 of 2nd period - Snap shot by Dany Roussin.
5:19 of 2nd period - Shot Blocked by Aaron Ness.
5:41 of 2nd period - Slapshot by David Wolf.
5:41 of 2nd period - Shot Misses the Net.
6:25 of 2nd period - Borna Rendulic is hit by Gianluca Curcuruto and loses puck.
7:02 of 2nd period - Snap shot by Nikolay Prokhorkin.
7:02 of 2nd period - Stopped by Phoenix Copley with a rebound.
7:28 of 2nd period - Minor Penalty to Derek Forbort for Hooking.
7:29 of 2nd period - Christian Hanson wins face-off versus Eric Fehr in Thunder zone.
7:32 of 2nd period - Wrist shot by Christian Hanson.
7:32 of 2nd period - Deflect By Matt Calvert.
7:32 of 2nd period - Goal by Matt Calvert - Thunder : 2 - River Frogs : 4.
7:33 of 2nd period - Christian Hanson wins face-off versus William Karlsson in neutral zone.
8:21 of 2nd period - Slapshot by Joey Ryan.
8:21 of 2nd period - Shot Blocked by Jared Knight.
8:41 of 2nd period - Wrist shot by Ryan Fitzgerald.
8:41 of 2nd period - Stopped by Niklas Treutle with a rebound.
8:43 of 2nd period - Slapshot by Aaron Ness.
8:43 of 2nd period - Stopped by Niklas Treutle with a rebound.
8:45 of 2nd period - Wrist shot by Joakim Nordstrom.
8:45 of 2nd period - Stopped by Niklas Treutle with a rebound.
9:21 of 2nd period - Mikko Vainonen is hit by Emerson Etem and loses puck.
9:44 of 2nd period - Slapshot by Jared Knight.
9:44 of 2nd period - Stopped by Niklas Treutle with a rebound.
9:46 of 2nd period - Slapshot by Austin Watson.
9:46 of 2nd period - Shot Blocked by Eric Fehr.
9:48 of 2nd period - Snap shot by Austin Watson.
9:48 of 2nd period - Stopped by Niklas Treutle with a rebound.
9:58 of 2nd period - Snap shot by Trevor Lewis.
9:58 of 2nd period - Shot Misses the Net.
10:04 of 2nd period - Trevor Lewis is hit by Joakim Nordstrom and loses puck.
10:14 of 2nd period - Minor Penalty to Timothy Kunes for Hooking.
10:15 of 2nd period - Christian Hanson wins face-off versus Trevor Lewis in River Frogs zone.
12:14 of 2nd period - Penalty to Timothy Kunes is over, Timothy Kunes is back on ice.
12:23 of 2nd period - Austin Poganski is hit by Borna Rendulic and loses puck.
12:38 of 2nd period - Minor Penalty to Austin Watson for Roughing.
12:39 of 2nd period - Trevor Lewis wins face-off versus Christian Hanson in River Frogs zone.
12:46 of 2nd period - Snap shot by David Wolf.
12:46 of 2nd period - Goal by David Wolf - Thunder : 3 - River Frogs : 4.
12:47 of 2nd period - William Karlsson wins face-off versus Christian Hanson in neutral zone.
12:52 of 2nd period - Wrist shot by Eric Fehr.
12:52 of 2nd period - Stopped by Phoenix Copley with a rebound.
12:54 of 2nd period - Slapshot by Eric Fehr.
12:54 of 2nd period - Shot Misses the Net.
12:56 of 2nd period - Slapshot by Derek Forbort.
12:56 of 2nd period - Shot Blocked by Matt Calvert.
12:58 of 2nd period - Wrist shot by Eric Fehr.
12:58 of 2nd period - Shot Misses the Net.
13:00 of 2nd period - Slapshot by Derek Forbort.
13:00 of 2nd period - Stopped by Phoenix Copley without a rebound.
13:01 of 2nd period - Leon Draisaitl wins face-off versus William Karlsson in River Frogs zone.
13:49 of 2nd period - Wrist shot by Jamie McGinn.
13:49 of 2nd period - Stopped by Phoenix Copley with a rebound.
13:51 of 2nd period - Snap shot by Zach Stepan.
13:51 of 2nd period - Stopped by Phoenix Copley with a rebound.
13:53 of 2nd period - Slapshot by Derek Forbort.
13:53 of 2nd period - Stopped by Phoenix Copley without a rebound.
13:54 of 2nd period - Leon Draisaitl wins face-off versus Zach Stepan in River Frogs zone.
14:25 of 2nd period - Snap shot by Borna Rendulic.
14:25 of 2nd period - Shot Misses the Net.
14:27 of 2nd period - Slapshot by Timothy Kunes.
14:27 of 2nd period - Stopped by Niklas Treutle without a rebound.
14:28 of 2nd period - William Karlsson wins face-off versus Christian Hanson in Thunder zone.
14:39 of 2nd period - Wrist shot by William Karlsson.
14:39 of 2nd period - Stopped by Phoenix Copley without a rebound.
14:40 of 2nd period - Dany Roussin wins face-off versus Christian Hanson in River Frogs zone.
14:44 of 2nd period - Minor Penalty to Timothy Kunes for Delaying the game.
14:45 of 2nd period - Christian Hanson wins face-off versus William Karlsson in River Frogs zone.
15:11 of 2nd period - Joey Ryan is hit by Anthony Bitetto and loses puck.
16:33 of 2nd period - Joey Ryan is hit by Emerson Etem and loses puck.
16:44 of 2nd period - Penalty to Timothy Kunes is over, Timothy Kunes is back on ice.
17:08 of 2nd period - Backhand shot by Leon Draisaitl.
17:08 of 2nd period - Deflect By Zach Stepan.
17:08 of 2nd period - Shot Misses the Net.
17:08 of 2nd period - Puck is out of play.
17:09 of 2nd period - Jordan Weal wins face-off versus Jared Knight in Thunder zone.
17:09 of 2nd period - Jordan Weal is hit by Shane Sims.
17:33 of 2nd period - Austin Poganski is hit by Joakim Nordstrom and loses puck.
18:14 of 2nd period - Jamie McGinn is hit by Shea Theodore and loses puck.
18:45 of 2nd period - Christian Hanson is hit by Jordan Weal and loses puck.
18:59 of 2nd period - Off-side.
19:00 of 2nd period - Leon Draisaitl wins face-off versus Zach Stepan in neutral zone.
19:36 of 2nd period - Snap shot by Leon Draisaitl.
19:36 of 2nd period - Stopped by Niklas Treutle without a rebound.
19:37 of 2nd period - Trevor Lewis wins face-off versus Emerson Etem in Thunder zone.
19:45 of 2nd period - Icing by Anthony Bitetto.
19:46 of 2nd period - Christian Hanson wins face-off versus Trevor Lewis in River Frogs zone.
Goals for this period are 3 for Thunder vs 1 for River Frogs.
Shots for this period are 10 for Thunder vs 12 for River Frogs.

3rd period


0:01 of 3rd period - William Karlsson wins face-off versus Christian Hanson in neutral zone.
0:13 of 3rd period - Off-side.
0:14 of 3rd period - Matt Calvert wins face-off versus William Karlsson in neutral zone.
0:23 of 3rd period - Wrist shot by Matt Calvert.
0:23 of 3rd period - Goal by Matt Calvert - Thunder : 3 - River Frogs : 5.
0:24 of 3rd period - William Karlsson wins face-off versus Emerson Etem in neutral zone.
0:40 of 3rd period - Off-side.
0:41 of 3rd period - Leon Draisaitl wins face-off versus Trevor Lewis in neutral zone.
1:37 of 3rd period - Slapshot by Jamie McGinn.
1:37 of 3rd period - Stopped by Phoenix Copley with a rebound.
2:36 of 3rd period - Wrist shot by Matt Calvert.
2:36 of 3rd period - Stopped by Niklas Treutle with a rebound.
2:48 of 3rd period - Trevor Lewis is hit by Borna Rendulic and loses puck.
4:23 of 3rd period - Off-side.
4:24 of 3rd period - Jamie McGinn wins face-off versus Leon Draisaitl in neutral zone.
4:29 of 3rd period - Wrist shot by Zach Stepan.
4:29 of 3rd period - Goal by Zach Stepan - Thunder : 4 - River Frogs : 5.
4:30 of 3rd period - William Karlsson wins face-off versus Christian Hanson in neutral zone.
4:55 of 3rd period - Leon Draisaitl is hit by Austin Wuthrich and loses puck.
5:40 of 3rd period - Minor Penalty to Borna Rendulic for Delaying the game.
5:41 of 3rd period - William Karlsson wins face-off versus Christian Hanson in River Frogs zone.
6:07 of 3rd period - Timothy Kunes is hit by Austin Wuthrich and loses puck.
7:40 of 3rd period - Penalty to Borna Rendulic is over, Borna Rendulic is back on ice.
7:52 of 3rd period - Slapshot by Borna Rendulic.
7:52 of 3rd period - Stopped by Niklas Treutle with a rebound.
8:12 of 3rd period - Snap shot by Ondrej Kase.
8:12 of 3rd period - Stopped by Niklas Treutle without a rebound.
8:13 of 3rd period - Ondrej Kase wins face-off versus Vincent Dunn in Thunder zone.
8:42 of 3rd period - Slapshot by Morgan Rielly.
8:42 of 3rd period - Deflect By Joey Ryan.
8:42 of 3rd period - Stopped by Niklas Treutle with a rebound.
8:46 of 3rd period - Wrist shot by Leon Draisaitl.
8:46 of 3rd period - Shot Blocked by Jordan Weal.
8:52 of 3rd period - Snap shot by Justin Florek.
8:52 of 3rd period - Stopped by Niklas Treutle with a rebound.
8:54 of 3rd period - Slapshot by Leon Draisaitl.
8:54 of 3rd period - Shot Misses the Net.
9:39 of 3rd period - Ondrej Kase is hit by Vincent Dunn and loses puck.
9:54 of 3rd period - Snap shot by Leon Draisaitl.
9:54 of 3rd period - Deflect By Justin Florek.
9:54 of 3rd period - Stopped by Niklas Treutle without a rebound.
9:55 of 3rd period - Christian Hanson wins face-off versus William Karlsson in Thunder zone.
10:04 of 3rd period - Mikko Vainonen is hit by Anthony Bitetto and loses puck.
10:44 of 3rd period - Wrist shot by Zach Stepan.
10:44 of 3rd period - Deflect By Jamie McGinn.
10:44 of 3rd period - Goal by Jamie McGinn - Thunder : 5 - River Frogs : 5.
10:45 of 3rd period - Christian Hanson wins face-off versus Eric Fehr in neutral zone.
10:50 of 3rd period - Joey Ryan is hit by Matt Calvert and loses puck.
10:57 of 3rd period - Slapshot by William Karlsson.
10:57 of 3rd period - Shot Blocked by Shane Sims.
10:59 of 3rd period - Snap shot by Dany Roussin.
10:59 of 3rd period - Shot Misses the Net.
11:23 of 3rd period - Shane Sims is hit by Derek Forbort and loses puck.
11:36 of 3rd period - Ryan Fitzgerald is hit by Eric Fehr and loses puck.
11:55 of 3rd period - Gianluca Curcuruto is hit by Christian Hanson and loses puck.
12:25 of 3rd period - Snap shot by Ryan Fitzgerald.
12:25 of 3rd period - Stopped by Niklas Treutle without a rebound.
12:25 of 3rd period - Double Minor Penalty to Niklas Treutle for Slashing.
12:26 of 3rd period - Eric Fehr wins face-off versus Christian Hanson in Thunder zone.
12:51 of 3rd period - Joey Ryan is hit by Timothy Kunes and loses puck.
16:05 of 3rd period - Borna Rendulic is hit by Mikko Vainonen.
16:25 of 3rd period - Penalty to Austin Poganski is over, Austin Poganski is back on ice.
16:43 of 3rd period - Leon Draisaitl is hit by Austin Wuthrich and loses puck.
17:08 of 3rd period - Austin Watson is hit by Zach Stepan.
17:14 of 3rd period - Wrist shot by Borna Rendulic.
17:14 of 3rd period - Deflect By Jared Knight.
17:14 of 3rd period - Shot Blocked by Austin Poganski.
17:14 of 3rd period - Puck is out of play.
17:15 of 3rd period - Ryan Fitzgerald wins face-off versus William Karlsson in Thunder zone.
17:56 of 3rd period - Anthony Bitetto is hit by Joey Ryan and loses puck.
18:43 of 3rd period - Minor Penalty to Dany Roussin for Hooking.
18:44 of 3rd period - Matt Calvert wins face-off versus Eric Fehr in Thunder zone.
18:51 of 3rd period - Wrist shot by Emerson Etem.
18:51 of 3rd period - Stopped by Niklas Treutle with a rebound.
18:53 of 3rd period - Snap shot by Christian Hanson.
18:53 of 3rd period - Shot Blocked by Derek Forbort.
18:55 of 3rd period - Snap shot by Matt Calvert.
18:55 of 3rd period - Shot Misses the Net.
18:57 of 3rd period - Wrist shot by Christian Hanson.
18:57 of 3rd period - Goal by Christian Hanson - Thunder : 5 - River Frogs : 6.
18:58 of 3rd period - William Karlsson wins face-off versus Christian Hanson in neutral zone.
19:01 of 3rd period - Thunder, Niklas Treutle is pulled from the net.
19:05 of 3rd period - Snap shot by Eric Fehr.
19:05 of 3rd period - Shot Hit the Post.
19:07 of 3rd period - Wrist shot by Dany Roussin.
19:07 of 3rd period - Shot Blocked by Anthony Bitetto.
19:09 of 3rd period - Snap shot by Dany Roussin.
19:09 of 3rd period - Shot Blocked by Anthony Bitetto.
19:13 of 3rd period - Snap shot by Joey Ryan.
19:13 of 3rd period - Stopped by Phoenix Copley with a rebound.
19:15 of 3rd period - Snap shot by Joey Ryan.
19:15 of 3rd period - Shot Misses the Net.
19:35 of 3rd period - Snap shot by Eric Fehr.
19:35 of 3rd period - Deflect By William Karlsson.
19:35 of 3rd period - Shot Blocked by Emerson Etem.
19:35 of 3rd period - Puck is out of play.
19:36 of 3rd period - Lanne MacDonald call a timeout for Thunder.
19:36 of 3rd period - Christian Hanson wins face-off versus William Karlsson in River Frogs zone.
19:45 of 3rd period - Wrist shot by William Karlsson.
19:45 of 3rd period - Shot Hit the Post.
19:47 of 3rd period - Slapshot by William Karlsson.
19:47 of 3rd period - Deflect By Eric Fehr.
19:47 of 3rd period - Stopped by Phoenix Copley without a rebound.
19:48 of 3rd period - Christian Hanson wins face-off versus William Karlsson in River Frogs zone.
19:57 of 3rd period - Snap shot by Eric Fehr.
19:57 of 3rd period - Shot Misses the Net.
Goals for this period are 2 for Thunder vs 2 for River Frogs.
Shots for this period are 5 for Thunder vs 10 for River Frogs.